 Dungeon Crawl Stone Soup version 0.19-a0-1886-gd64a0f0 (webtiles) character file.

108 Morenatsu the Chopper (level 4, -4/39 HPs)
             Began as a Hill Orc Monk on Oct 16, 2016.
             Slain by an orc
             ... wielding a +0 trident
              (6 damage)
             ... on level 3 of the Dungeon.
             The game lasted 00:04:34 (1893 turns).

Morenatsu the Chopper (Hill Orc Monk)               Turns: 1893, Time: 00:04:34

Health: -4/39      AC: 10    Str: 14    XL:     4   Next: 87%
Magic:  4/4        EV:  6    Int: 10    God:
Gold:   102        SH:  0    Dex: 13    Spells: 0 memorised, 3 levels left

rFire  + . .     SeeInvis .     a - +1 hand axe
rCold  . . .     Gourm    .     j - +0 plate armour
rNeg   . . .     Faith    .     (no shield)
rPois  .         Spirit   .     (no helmet)
rElec  .         Dismiss  .     (no cloak)
rCorr  .         Reflect  .     (no gloves)
MR     .....     Harm     .     (no boots)
Stlth  ..........               (no amulet)
                                p - ring of protection from fire
                                w - +2 ring of evasion

@: slowed, very slow
A: no striking features
a: no special abilities


You were on level 3 of the Dungeon.
You were not hungry.

You visited 1 branch of the dungeon, and saw 3 of its levels.

You collected 102 gold pieces.

Inventory:

Hand Weapons
 a - a +1 hand axe (weapon)
Armour
 b - a +0 robe
 j - a +0 plate armour (worn)
Jewellery
 k - an uncursed ring of stealth
 p - a ring of protection from fire (right hand)
 q - a -2 ring of intelligence
 w - a +2 ring of evasion (left hand)
Wands
 n - a wand of paralysis (12/24)
 o - a wand of teleportation (4/9)
Scrolls
 g - 3 scrolls of identify
 m - a scroll of remove curse
Potions
 d - a potion of agility {unknown}
 e - a potion of degeneration {unknown}
 r - a potion of mutation {unknown}
 u - a potion of resistance {unknown}
 v - 2 potions of heal wounds {unknown}
Comestibles
 c - a bread ration
 h - 3 beef jerkies
 i - 4 chunks of flesh
 l - 2 slices of pizza


   Skills:
 - Level 3.6 Fighting
 + Level 7.2 Axes
 - Level 2.4 Dodging
 - Level 1.5 Stealth


You had 3 spell levels left.
You didn't know any spells.

Dungeon Overview and Level Annotations

Branches:
Dungeon (3/15)

Altars:


Message History

The orc hits you but does no damage.
You feel better.
The orc wizard hits you but does no damage.
The orc hits you from afar with a trident.
* * * LOW HITPOINT WARNING * * *
The orc wizard hits you but does no damage.
The orc barely misses you.
The orc hits you from afar with a trident.
* * * LOW HITPOINT WARNING * * *
The orc wizard hits you with a dagger.
* * * LOW HITPOINT WARNING * * *
Your plate armour prevents you from hitting the orc wizard.
The orc wizard is heavily wounded.
You hit the orc but do no damage.
The orc wizard gestures at you while chanting.
The magic dart hits you!
* * * LOW HITPOINT WARNING * * *
The orc barely misses you.
The orc hits you from afar with a trident.
You die...

.....## ......## ##
###....### #######.#
#
###....#####.......##
# ##....).##........#
# ##....).#......# #
###..รท........#
###### ######.%o.)[#
...... .....<...@...#
...... ###.......oo.#
...... ..........K..#
......
.................
..#...
#####....#####... ..#
## ....### #... ...
...## ..# .... ... .P
.... ..


You could see an orc wizard, 2 orcs and a kobold.

Vanquished Creatures
  An orc wizard (D:3)
  2 adders
  A worm (D:2)
  A dart slug (D:1)
  A leopard gecko (D:2)
  5 orcs (D:3)
  5 bats
  4 giant cockroaches
  6 goblins
  9 hobgoblins
  2 jackals (D:2)
  2 frilled lizards (D:2)
  2 kobolds
  7 rats
48 creatures vanquished.

Notes
Turn   | Place    | Note
-------+----------+-------------------------------------------
     0 | D:1      | Morenatsu the Hill Orc Monk began the quest for the Orb.
     0 | D:1      | Reached XP level 1. HP: 19/19 MP: 1/1
   328 | D:1      | Reached XP level 2. HP: 26/26 MP: 2/2
   471 | D:1      | Reached skill level 5 in Axes
   831 | D:1      | Reached XP level 3. HP: 29/31 MP: 3/3
  1160 | D:2      | Reached skill level 6 in Axes
  1629 | D:2      | Reached XP level 4. HP: 34/39 MP: 4/4
  1797 | D:3      | Reached skill level 7 in Axes
  1893 | D:3      | Slain by an orc

Vault maps used:
D:1:      dpeg_arrival_round_a
D:3:      grunt_temple_overflow_growth_and_decay, serial_curves, eino_curves_03,
          eino_curves_01, eino_curves_03, eino_curves_02, portal_sewer_entry_f

Skill      XL: |  1  2  3  4 |
---------------+-------------+-----
Axes           | 5 6 7 |  7.2
Fighting       | |  3.6
Dodging        | |  2.4
Stealth        | |  1.5

Action                   |  1- 3 |  4- 6 || total
-------------------------+-------+-------++-------
Melee: Hand axe          |   120 |    40 ||   160
  Use: Scroll            |     6 |       ||     6
       Potion            |       |     2 ||     2
 Stab: Sleeping          |     6 |       ||     6
  Eat: Chunk             |     2 |     1 ||     3
Armor: Robe              |    25 |       ||    25
       Plate armour      |     2 |    34 ||    36
Dodge: Dodged            |    72 |    21 ||    93
